 Dungeon Crawl Stone Soup version 0.25-a0-306-g3faca94 (webtiles) character file.

Game seed: 16494435571948092298, levelgen mode: deterministic

140 Birdy the Skirmisher (level 5, -3/54 HPs)
             Began as an Ogre Fighter on Dec 21, 2019.
             Killed from afar by an orc wizard (4 damage)
             ... with a puff of frost
             ... on level 3 of the Dungeon.
             The game lasted 00:05:14 (2378 turns).

Birdy the Skirmisher (Ogre Fighter)                 Turns: 2378, Time: 00:05:14

Health: -3/54      AC:  6    Str: 21    XL:     5   Next: 23%
Magic:  5/5        EV:  9    Int:  9    God:
Gold:   139        SH:  9    Dex:  8    Spells: 4/4 levels left

rFire    . . .     SeeInvis .   k - +0 whip
rCold    + . .     Gourm    .   c - +0 shield
rNeg     . . .     Faith    .   m - +2 robe {MR+}
rPois    .         Spirit   .   (helmet restricted)
rElec    .         Reflect  .   j - +0 cloak
rCorr    .         Harm     .   (gloves unavailable)
MR       +....                  (boots unavailable)
Stlth    +.........             (no amulet)
HPRegen  0.18/turn              e - ring of protection from cold
MPRegen  0.09/turn              (no ring)

@: no status effects
A: large, unfitting armour, sense surroundings 1, tough skin 1, no potion heal 1
a: no special abilities


You were on level 3 of the Dungeon.
You were very hungry.

You visited 1 branch of the dungeon, and saw 3 of its levels.

You collected 139 gold pieces.

Inventory:

Hand Weapons
 a - a +0 flail
 k - a +0 whip (weapon)
Armour
 c - a +0 shield (worn)
 j - a +0 cloak (worn)
 m - a +2 robe of magic resistance (worn)
Jewellery
 e - a ring of protection from cold (left hand)
Wands
 l - a wand of acid (10)
Scrolls
 g - a scroll of teleportation
 i - a scroll of fog
Potions
 d - a potion of flight
 h - a potion of resistance
 n - a potion of curing
Comestibles
 f - 4 rations


   Skills:
 - Level 4.0 Fighting
 + Level 3.4 Maces & Flails
 - Level 3.0 Dodging
 + Level 4.0 Shields


You had 4 spell levels left.
You didn't know any spells.
Your spell library was empty.

Dungeon Overview and Level Annotations

Branches:
Dungeon (3/15)

Altars:
Elyvilon


Innate Abilities, Weirdness & Mutations

You are too large for most types of armour.
You have tough skin. (AC +1)
You passively map a small area around you.
Potions are less effective at restoring your health.


Message History

You block the orc's attack. You block the orc wizard's attack.
The orc hits you with a +0 dagger.
* * * LOW HITPOINT WARNING * * *
The orc wizard begins to cast a cantrip, but forgets the words!
The orc wizard gestures wildly while chanting.
The orc wizard flickers and vanishes!
Deactivating autopickup; reactivate with Ctrl-A.
There is an open door here.
You close the door.
An orc opens the door.
There is an open door here.
The giant cockroach waves its antennae.
The orc wizard miscasts a cantrip.
Something hits you but does no damage.
You are electrocuted!
* * * LOW HITPOINT WARNING * * *
Something hits you.
* * * LOW HITPOINT WARNING * * *
You hear some strange, mumbled words.
A puff of frost appears from out of thin air!
The puff of frost hits you. You resist.
You die...

##...## ,* ##.....##
#.## * ##.......##
#..##
##.........####...###
.'.....os.o'.........
,
##.........##o#...##
* ##.....(.###.# ...#
* ##.....## #o###..#
, ##...## #...@..#
##+## ######.# * * ,
#### #.# #.# , ...#
#.# #.# * ...###.##
#.# ........## #.#
.(.#.....#########.#
*
...##..............#
##.###.#############
*


You could see an orc.

Vanquished Creatures
  Jessica (D:2)
  Robin (D:2)
  An adder (D:2)
  An ooze (D:2)
  2 worms (D:2)
  2 dart slugs (D:1)
  2 leopard geckos (D:1)
  A ball python (D:3)
  8 bats
  5 giant cockroaches (D:1)
  16 goblins
  12 hobgoblins
  A quokka (D:2)
  2 frilled lizards
  7 kobolds
  7 rats
69 creatures vanquished.

Notes
Turn   | Place    | Note
-------+----------+-------------------------------------------
     0 | D:1      | Birdy the Ogre Fighter began the quest for the Orb.
     0 | D:1      | Reached XP level 1. HP: 24/24 MP: 1/1
   126 | D:1      | Reached XP level 2. HP: 18/32 MP: 2/2
   306 | D:1      | Reached XP level 3. HP: 31/39 MP: 3/3
  1023 | D:2      | Noticed Jessica
  1036 | D:2      | Killed Jessica
  1036 | D:2      | Reached XP level 4. HP: 25/48 MP: 4/4
  1191 | D:2      | Found a white marble altar of Elyvilon.
  1528 | D:2      | Noticed Robin
  1548 | D:2      | Reached XP level 5. HP: 40/54 MP: 5/5
  1562 | D:2      | Gained mutation: Potions are less effective at restoring
                  | your health. [potion of mutation]
  1562 | D:2      | Gained mutation: You passively map a small area around you.
                  | [potion of mutation]
  1563 | D:2      | HP: 2/54 [goblin/+0 club[Robin] (8)]
  1900 | D:2      | Killed Robin
  2375 | D:3      | HP: 2/54 [something (8)]
  2378 | D:3      | Killed from afar by an orc wizard

Levels and vault maps discovered:
D:1:      mrwooster_arrival_arrow, layout_loops_ring, grunt_decor_arrowhead,
          minmay_vboxes
D:2:      layout_loops_ring, lemuel_coloured_pillars_altar, minmay_pentomino_s2,
          uniq_robin, uniq_jessica
D:3:      layout_loops_corners, first_ration, gup_sewer_entry_bowl,
          minmay_crystal_room

Skill      XL: |  1  2  3  4  5 |
---------------+----------------+-----
Maces & Flails | 2 3 |  3.4
Shields        | 3 4 |  4.0
Dodging        | 3 |  3.0
Fighting       | |  4.0

Action                   |  1- 3 |  4- 6 || total
-------------------------+-------+-------++-------
Melee: Flail             |    74 |       ||    74
       Whip              |    50 |   148 ||   198
  Use: Potion            |     5 |     2 ||     7
       Scroll            |     5 |     3 ||     8
 Stab: Sleeping          |     1 |       ||     1
  Eat: Chunk             |       |     4 ||     4
Armor: Robe              |    43 |    44 ||    87
Dodge: Dodged            |    48 |    48 ||    96
Block: Shield            |    58 |    82 ||   140

Table legend:
 A = Non-vault XP
 B = Vault XP
 C = Vault XP percentage of total XP
 D = Non-vault monster count
 E = Vault monster count
 F = Vault count percentage of total count
                 A         B        C        D         E       F
            +---------+---------+-------+---------+---------+-------
      Total |     106 |      95 |  47.3 |      46 |      23 |  33.3
            +---------+---------+-------+---------+---------+-------
        D:1 |      44 |      17 |  27.9 |      24 |       8 |  25.0
        D:2 |      58 |      78 |  57.4 |      20 |      15 |  42.9
        D:3 |       4 |       0 |   0.0 |       2 |       0 |   0.0
            +---------+---------+-------+---------+---------+-------
